 Dungeon Crawl Stone Soup version 0.19-a0-1803-g97ff39f (webtiles) character file.

3434 Naow the Severer (level 9, -2/105 HPs)
             Began as a Minotaur Berserker on Oct 5, 2016.
             Was an Elder of Trog.
             Slain by a killer bee (3 damage)
             ... on level 8 of the Dungeon.
             The game lasted 00:09:14 (5292 turns).

Naow the Severer (Minotaur Berserker)               Turns: 5292, Time: 00:09:15

Health: -2/105     AC: 15    Str: 27    XL:     9   Next: 77%
Magic:  8/8        EV: 11    Int:  7    God:    Trog [****..]
Gold:   436        SH:  0    Dex: 10    Spells: 0 memorised, 8 levels left

rFire  . . .     SeeInvis .     J - +3 hand axe
rCold  . . .     Gourm    .     s - +6 scale mail of Dithmenos's Pride {Regen+}
rNeg   . . .     Faith    .     (no shield)
rPois  .         Spirit   .     (helmet restricted)
rElec  .         Dismiss  .     z - +2 cloak
rCorr  .         Reflect  .     (no gloves)
MR     .....     Harm     .     (no boots)
Stlth  ..........               d - amulet of rage
                                (no ring)
                                (no ring)

@: berserking, lethally poisoned (-2 -> -14), very quick
A: retaliatory headbutt, horns 2
a: Berserk, Trog's Hand, Brothers in Arms, Burn Spellbooks, Renounce Religion,
Evoke Berserk Rage


You were on level 8 of the Dungeon.
You worshipped Trog.
Trog was greatly pleased with you.
You were very hungry.

You visited 1 branch of the dungeon, and saw 8 of its levels.

You collected 436 gold pieces.

Inventory:

Hand Weapons
 a - a +0 hand axe
 J - a +3 hand axe (weapon)
Armour
 b - a +0 animal skin
 l - a +0 cloak
 s - the +6 scale mail of Dithmenos's Pride (worn) {Regen+}
   (You found it on level 4 of the Dungeon)

   It increases your rate of regeneration.
 z - a +2 cloak (worn)
Jewellery
 d - an amulet of rage (around neck)
 L - a cursed amulet of inaccuracy {unknown}
Wands
 y - a wand of polymorph (18/24)
 G - a wand of flame (26/48)
Scrolls
 e - 2 scrolls of enchant weapon {unknown}
 g - 5 scrolls of identify {unknown}
 h - a scroll of magic mapping {unknown}
 j - 5 scrolls of remove curse {unknown}
 p - 3 scrolls of enchant armour {unknown}
 r - 4 scrolls of teleportation {unknown}
 t - 3 scrolls of random uselessness {unknown}
 A - 2 scrolls of noise {unknown}
 F - 2 scrolls of fear {unknown}
 M - 2 scrolls of amnesia {unknown}
 N - a scroll of recharging {unknown}
Potions
 i - a potion of cure mutation {unknown}
 m - a potion of magic {unknown}
 o - a potion of flight {unknown}
 q - a potion of degeneration {unknown}
 u - a potion of berserk rage
 w - 2 potions of might {unknown}
 x - a potion of lignification {unknown}
 B - a potion of cancellation {unknown}
 E - a potion of invisibility {unknown}
 H - a potion of curing {unknown}
 K - 2 potions of heal wounds {unknown}
Books
 n - a book of Cantrips

   Spells                             Type                      Level
   a - Confusing Touch                Hexes                        1
   b - Animate Skeleton               Necromancy                   1
   c - Summon Small Mammal            Summoning                    1
   d - Apportation                    Translocation                1
   Trog disapproves of the use of such an item.
 D - a book of Cantrips

   Spells                             Type                      Level
   a - Confusing Touch                Hexes                        1
   b - Animate Skeleton               Necromancy                   1
   c - Summon Small Mammal            Summoning                    1
   d - Apportation                    Translocation                1
   Trog disapproves of the use of such an item.
Comestibles
 c - 4 bread rations
 f - 7 meat rations
 k - a slice of pizza
 v - a beef jerky
 C - 7 fruits
 I - a chunk of flesh


   Skills:
 - Level 3.6 Fighting
 + Level 15.9 Axes
 - Level 2.4 Armour
 - Level 2.1 Dodging


You had 8 spell levels left.
You didn't know any spells.

Dungeon Overview and Level Annotations

Branches:
Dungeon (8/15)             Temple (0/1) D:6
   Lair: D:8-11

Altars:
Cheibriados
Uskayaw
Yredelemnul
Zin


Innate Abilities, Weirdness & Mutations

You reflexively headbutt those who attack you in melee.
You have a pair of horns on your head.


Message History

You feel sick. The killer bee stings you!
* * * LOW HITPOINT WARNING * * *
You are more poisoned.
The killer bee poisons you!
You barely miss the killer bee.
The killer bee is severely wounded.
* * * LOW HITPOINT WARNING * * *
You feel sick.
The killer bee stings you but does no damage.
You slice the killer bee!!
You kill the killer bee!
Trog accepts your kill.
You hit the killer bee.
You hear an angry buzzing noise.
A killer bee comes into view.
You barely miss the killer bee. Your headbutt misses the killer bee.
The killer bee is almost dead.
* * * LOW HITPOINT WARNING * * *
You feel sick. The killer bee stings you.
You die...

..........#.....
.........<#.#...
.........##.##.#
####..†.....##.#
............##.#
#######.#<†.†..##
#..††..†..#
######.#..###
........@y#
####.....†y.....
.......#..#####
####...##.# ##$.#
.# #..# .# #..# #
#..


You could see 2 killer bees.

Vanquished Creatures
  Pikel (D:7)
  The ghost of cortexin the Cutter, a novice SpAK of Lugonu (D:5)
  A queen bee (D:8)
  Prince Ribbit (D:7)
  2 sky beasts
  2 orc warriors (D:6)
  A phantom (D:4)
  4 ogres
  A necrophage (D:7)
  3 centaurs
  A scorpion (D:6)
  9 killer bees (D:8)
  A howler monkey (D:5)
  A vampire bat (D:4)
  4 crimson imps
  A centaur zombie (D:5)
  2 hounds
  3 iguanas
  2 orc wizards
  Natasha (twice) (D:4)
  A worker ant (D:5)
  A hound skeleton (D:6)
  Robin (D:4)
  12 adders
  A howler monkey skeleton (D:7)
  2 oozes
  2 worms
  2 dart slugs
  3 fire bats (D:4)
  3 leopard geckos
  18 orcs
  2 spectral bats (D:4)
  13 bats
  3 bat skeletons (D:4)
  A bat zombie (D:4)
  5 giant cockroaches
  21 goblins
  4 hobgoblins
  9 jackals
  4 quokkas
  2 ball pythons
  A bat simulacrum (D:4)
  7 frilled lizards
  7 kobolds
  8 rats
176 creatures vanquished.

Vanquished Creatures (others)
  A scorpion (D:7)
1 creature vanquished.

Grand Total: 177 creatures vanquished

Notes
Turn   | Place    | Note
-------+----------+-------------------------------------------
     0 | D:1      | Naow the Minotaur Berserker began the quest for the Orb.
     0 | D:1      | Reached XP level 1. HP: 19/19 MP: 0/0
    32 | D:1      | Reached skill level 4 in Axes
    87 | D:1      | Reached XP level 2. HP: 18/26 MP: 1/1
   433 | D:1      | Reached skill level 5 in Axes
   474 | D:2      | Reached XP level 3. HP: 31/31 MP: 2/2
   547 | D:2      | Found a snail-covered altar of Cheibriados.
   583 | D:2      | Reached ** piety under Trog
   595 | D:2      | Reached XP level 4. HP: 13/39 MP: 3/3
   638 | D:2      | Reached skill level 6 in Axes
   642 | D:2      | HP: 1/39 [poisoned by an adder]
  1816 | D:3      | Reached XP level 5. HP: 38/45 MP: 4/4
  1874 | D:3      | Reached skill level 7 in Axes
  2690 | D:4      | Got a scorched scale mail
  2701 | D:4      | Identified the +6 scale mail of Dithmenos's Pride {Regen+} (You found it on level 4 of the Dungeon)
  2731 | D:4      | Found a glowing silver altar of Zin.
  2780 | D:4      | Noticed Robin
  2784 | D:4      | Noticed an ogre
  2787 | D:4      | Noticed a phantom
  2789 | D:4      | Reached skill level 8 in Axes
  2789 | D:4      | Reached *** piety under Trog
  2796 | D:4      | Killed Robin
  2797 | D:4      | Killed an ogre
  2797 | D:4      | Reached XP level 6. HP: 51/51 MP: 5/5
  2846 | D:4      | Reached skill level 9 in Axes
  2931 | D:4      | Noticed Natasha
  2939 | D:4      | Killed Natasha
  2945 | D:4      | Noticed Natasha
  2952 | D:4      | Killed Natasha
  2978 | D:4      | Reached XP level 7. HP: 52/57 MP: 6/6
  3118 | D:4      | Reached skill level 10 in Axes
  3317 | D:5      | Entered Level 5 of the Dungeon
  3447 | D:5      | Reached skill level 11 in Axes
  3471 | D:5      | Noticed cortexin's ghost (novice SpAK)
  3497 | D:5      | Killed cortexin's ghost
  3497 | D:5      | Reached XP level 8. HP: 64/64 MP: 7/7
  3704 | D:5      | Reached skill level 12 in Axes
  3738 | D:5      | Reached **** piety under Trog
  4003 | D:6      | Found a staircase to the Ecumenical Temple.
  4165 | D:6      | Reached skill level 13 in Axes
  4616 | D:7      | Noticed Prince Ribbit
  4628 | D:7      | Killed Prince Ribbit
  4779 | D:7      | Reached XP level 9. HP: 70/70 MP: 8/8
  4792 | D:7      | Reached skill level 14 in Axes
  4805 | D:7      | Found a hide-covered altar of Uskayaw.
  4806 | D:7      | Found a basalt altar of Yredelemnul.
  4933 | D:7      | Noticed Pikel
  4942 | D:7      | Killed Pikel
  4942 | D:7      | Reached skill level 15 in Axes
  5266 | D:8      | Noticed a queen bee
  5285 | D:8      | Killed a queen bee
  5289 | D:8      | HP: 2/105 [killer bee (7)]
  5292 | D:8      | Slain by a killer bee

Vault maps used:
D:1:      dpeg_arrival_stone_temple_mockup
D:2:      nicolae_overflow_crystal_walls
D:3:      kennysheep_six_static_rooms
D:4:      lemuel_doored_altar, first_bread, goddamned_bats, uniq_robin,
          uniq_natasha
D:6:      serial_bayou_ford_a, grunt_decor_fettered
D:7:      gammafunk_temple_overflow_statue, uniq_pikel, uniq_prince_ribbit1
D:8:      david_nohive_1, kennysheep_generic_room_5

Skill      XL: |  1  2  3  4  5  6  7  8  9 |
---------------+----------------------------+-----
Axes           | 4 5 6 8 9 11 13 15 | 15.9
Fighting       | |  3.6
Armour         | |  2.4
Dodging        | |  2.1

Action                   |  1- 3 |  4- 6 |  7- 9 || total
-------------------------+-------+-------+-------++-------
Melee: Hand axe          |    62 |   173 |   284 ||   519
       Headbutt          |    10 |    22 |    53 ||    85
Invok: Berserk           |       |     4 |     5 ||     9
       Trog's Hand       |       |     1 |       ||     1
  Eat: Chunk             |       |    11 |    11 ||    22
Armor: Animal skin       |    12 |    16 |       ||    28
       Scale mail        |       |    32 |   134 ||   166
Dodge: Dodged            |    36 |    85 |   140 ||   261
